 Dungeon Crawl Stone Soup version 0.19.1-1-g22dce08 (webtiles) character file.

65 galech the Ruffian (level 3, -11/36 HPs)
             Began as a Troll Monk on Dec 31, 2016.
             Mangled by Adolfin's ghost (13 damage)
             ... on level 3 of the Dungeon.
             The game lasted 00:03:15 (1591 turns).

galech the Ruffian (Troll Monk)                     Turns: 1591, Time: 00:03:16

Health: -11/36     AC:  5    Str: 20    XL:     3   Next: 94%
Magic:  2/2        EV: 11    Int:  6    God:
Gold:   130        SH:  0    Dex: 12    Spells: 0 memorised, 2 levels left

rFire  . . .     SeeInvis +       - Unarmed
rCold  . . .     Gourm    +     a - +0 robe
rNeg   . . .     Faith    .     (no shield)
rPois  .         Spirit   .     (helmet restricted)
rElec  .         Reflect  .     (no cloak)
rCorr  .         Harm     .     (gloves unavailable)
MR     .....                    (boots unavailable)
Stlth  ++........               (no amulet)
                                (no ring)
                                k - ring of see invisible

@: no status effects
A: unfitting armour, claws 3, fast metabolism 3, gourmand, regeneration 1,
shaggy fur 1, tough skin 2
a: no special abilities


You were on level 3 of the Dungeon.
You were full.

You visited 1 branch of the dungeon, and saw 3 of its levels.

You collected 130 gold pieces.

Inventory:

Armour
 a - a +0 robe (worn)
Jewellery
 k - a ring of see invisible (left claw)
Wands
 m - a wand of disintegration (10/24)
Scrolls
 c - 4 scrolls of identify {unknown}
 e - a scroll of enchant armour {unknown}
 f - 4 scrolls of teleportation {unknown}
 l - a scroll of recharging {unknown}
Potions
 i - 3 potions of agility {unknown}
Comestibles
 b - 3 bread rations
 d - a slice of pizza
 g - a beef jerky
 j - 2 meat rations


   Skills:
 + Level 2.6 Fighting
 + Level 3.2 Dodging
 + Level 1.2 Stealth
 + Level 3.6 Unarmed Combat


You had 2 spell levels left.
You didn't know any spells.

Dungeon Overview and Level Annotations

Branches:
Dungeon (3/15)

Altars:

Annotations:
D:3 Adolfin's ghost, amateur DsMo


Innate Abilities, Weirdness & Mutations

You are too large for most types of armour.
You have claws for hands.
Your metabolism is lightning-fast.
You like to eat raw meat.
Your natural rate of healing is unusually fast.
You are covered in fur. (AC +1)
You have very tough skin. (AC +2)


Message History

* * * LOW HITPOINT WARNING * * *
You are too injured to fight recklessly!
You are too injured to fight recklessly!
You are too injured to fight recklessly!
You are too injured to fight recklessly!
You are too injured to fight recklessly!
You are too injured to fight recklessly!
You are too injured to fight recklessly!
You are too injured to fight recklessly!
You are too injured to fight recklessly!
You are too injured to fight recklessly!
You are too injured to fight recklessly!
You are too injured to fight recklessly!
You are too injured to fight recklessly!
You are too injured to fight recklessly!
You are too injured to fight recklessly!
You are too injured to fight recklessly!
You can't go down here!
Adolfin's ghost hits you!
You die...

#.#.#....................
#.#.##.#.................
#.#[##.#.................
#.#.##.##................
#.#.##.##................
#.#.##...................
#.#.##.....#.............
#.#.##.............#.....
#.#.....@..#.#.....#.....
##.###...W..#W#.....#.....
#...........#.#.#...#.....
##.###......#.#.#...#.....
#....#.######.#.....# .###
#....#.# #.#..#..# ..
####.#.# #w##....# ..
#...#.######......## .
#...#.......?##...#


You could see Adolfin's ghost.

Vanquished Creatures
  3 worms
  3 dart slugs
  2 leopard geckos (D:2)
  2 ball pythons (D:1)
  A giant cockroach (D:1)
  10 goblins
  3 hobgoblins
  5 bats
  4 frilled lizards
  7 kobolds
  10 rats
50 creatures vanquished.

Notes
Turn   | Place    | Note
-------+----------+-------------------------------------------
     0 | D:1      | galech the Troll Monk began the quest for the Orb.
     0 | D:1      | Reached XP level 1. HP: 22/22 MP: 0/0
    50 | D:1      | Reached XP level 2. HP: 27/29 MP: 1/1
   589 | D:2      | Reached XP level 3. HP: 36/36 MP: 2/2
  1269 | D:3      | Noticed Adolfin's ghost (amateur DsMo)
  1590 | D:3      | HP: 1/36 [Adolfin's ghost (13)]
  1591 | D:3      | Mangled by Adolfin's ghost

Skill      XL: |  1  2  3 |
---------------+----------+-----
Dodging        | 3 |  3.2
Fighting       | |  2.6
Stealth        | |  1.2
Unarmed Combat | |  3.6

Action                   || total
-------------------------++-------
Melee: Unarmed           ||   129
       Punch             ||     1
 Stab: Sleeping          ||     5
  Eat: Chunk             ||    17
Armor: Robe              ||    47
Dodge: Dodged            ||    74
